 Dungeon Crawl Stone Soup version 0.24-a0-439-g6dd8730 (webtiles) character file.

Game seed: 4850726937772047124

9005 Spazmo the Thaumaturge (level 11, -9/57 HPs)
             Began as a Deep Elf Fire Elementalist on June 17, 2019.
             Was a Priest of Vehumet.
             Mangled by an eight-headed hydra (16 damage)
             ... on level 2 of the Lair of Beasts.
             The game lasted 00:37:39 (8917 turns).

Spazmo the Thaumaturge (Deep Elf Fire Elementalist) Turns: 8917, Time: 00:37:39

Health: -9/57      AC:  9    Str:  5    XL:     11   Next: 17%
Magic:  35/44      EV: 19    Int: 24    God:    Vehumet [***...]
Gold:   742        SH:  0    Dex: 15    Spells: 17/34 levels left

rFire    . . .     SeeInvis +   x - staff of power
rCold    . . .     Gourm    .   (no shield)
rNeg     . . .     Faith    .   a - +1 robe
rPois    .         Spirit   .   o - +1 hat {SInv}
rElec    .         Reflect  .   g - +2 cloak {+Inv}
rCorr    .         Harm     .   D - +0 pair of gloves (curse)
MR       +....                  p - +0 pair of boots
Stlth    +++.......             (no amulet)
HPRegen  0.19/turn              F - ring of stealth
MPRegen  0.29/turn              A - +5 ring of evasion

@: no status effects
A: no striking features
a: Renounce Religion, Evoke Invisibility


You were on level 2 of the Lair of Beasts.
You worshipped Vehumet.
Vehumet was most pleased with you.
You were not hungry.

You visited 2 branches of the dungeon, and saw 12 of its levels.

You collected 742 gold pieces.

Inventory:

Hand Weapons
 b - a +5 quarterstaff of chaos
 q - a +1 short sword of speed
Missiles
 d - 309 stones (quivered)
Armour
 a - a +1 robe (worn)
 g - a +2 cloak of invisibility (worn)
 o - a +1 hat of see invisible (worn)
 p - a +0 pair of boots (worn)
 D - a cursed +0 pair of gloves (worn)
Magical Staves
 x - an uncursed staff of power (weapon)
Jewellery
 A - a +5 ring of evasion (right hand)
 F - a ring of stealth (left hand)
Wands
 n - a wand of enslavement (5)
 r - a wand of acid (5)
 t - a wand of iceblast (5)
 u - a wand of polymorph (11)
 B - a wand of digging (5)
 H - a wand of disintegration (8)
Scrolls
 f - 3 scrolls of remove curse
 j - 6 scrolls of identify
 v - 3 scrolls of teleportation
 z - 2 scrolls of magic mapping
 C - a scroll of blinking
 E - a scroll of fear
Potions
 e - 5 potions of curing
 h - 3 potions of flight
 i - a potion of resistance
 k - a potion of cancellation
 l - a potion of haste
 m - 2 potions of invisibility
 s - 2 potions of agility
Comestibles
 c - 19 rations
 w - 5 chunks of flesh


   Skills:
 + Level 1.9 Fighting
 + Level 4.3 Dodging
 - Level 3.0 Stealth
 - Level 12.0 Spellcasting
 - Level 11.1 Conjurations
 + Level 1.7 Translocations
 - Level 11.2 Fire Magic


You had 17 spell levels left.
You knew the following spells:

 Your Spells              Type           Power        Failure   Level  Hunger
a - Flame Tongue          Conj/Fire      #####        1%          1    None
b - Throw Flame           Conj/Fire      ######       1%          2    None
c - Conjure Flame         Conj/Fire      ######..     1%          3    None
d - Sticky Flame          Conj/Fire      ######..     1%          4    None
e - Fireball              Conj/Fire      ######....   1%          5    ###....
f - Blink                 Tloc           N/A          3%          2    None

Your spell library contained the following spells:

 Spells                   Type           Power        Failure   Level  Hunger
 Ignite Poison            Fire/Tmut/Pois ####....     1%          3    None
 Magic Dart               Conj           ####         1%          1    None
 Shock                    Conj/Air       ####         1%          1    None
 Searing Ray              Conj           ######       1%          2    None
 Dazzling Spray           Conj/Hex       #####.       1%          3    None
 Inner Flame              Hex/Fire       #####...     1%          3    None
 Static Discharge         Conj/Air       #####...     1%          3    None
 Force Lance              Conj/Tloc      #####...     1%          4    None
 Fulminant Prism          Conj/Hex       #####.....   1%          4    None
 Iskenderun's Mystic Bla  Conj           ######..     1%          4    None
 Lightning Bolt           Conj/Air       #####.....   3%          5    ###....
 Shroud of Golubria       Chrm/Tloc      ###...       4%          2    None
 Swiftness                Chrm/Air       ##......     6%          2    None
 Gell's Gravitas          Tloc           ###.......   6%          3    None
 Lesser Beckoning         Tloc           ###.......   6%          3    None
 Teleport Other           Tloc           ###.....     6%          3    None
 Airstrike                Air            ##........   11%         4    None
 Passage of Golubria      Tloc           N/A          21%         4    None


Dungeon Overview and Level Annotations

Branches:
Dungeon (10/15)            Temple (0/1) D:7            Lair (2/6) D:10
    Orc (0/2) D:10
  Swamp: Lair:2-4    Shoals: Lair:2-4     Snake: Lair:2-4    Spider: Lair:2-4

Altars:
Elyvilon
Fedhas
Gozag
Kikubaaqudgha
Makhleb
Trog
Vehumet
Wu Jian
Yredelemnul
Beogh

Shops:
D:4 *(   D:6 (

Annotations:
D:3 2 runed translucent doors, Mango's ghost, amateur FoFi


Message History

Casting: Sticky Flame (safe; 1% risk of failure)
Confirm with . or Enter, or press ? or * to list all spells.
Aiming: Flame Tongue (safe; 1% risk of failure)
Press: ? - help, Shift-Dir - straight line, f/p - eight-headed hydra
Aim: an eight-headed hydra (flame, heavily wounded, covered in liquid flames)
The flame tongue hits the eight-headed hydra.
The eight-headed hydra is heavily wounded.
The eight-headed hydra burns!
The eight-headed hydra is engulfed in blazing flames.
The eight-headed hydra bites you but does no damage.
The eight-headed hydra bites you!
* * * LOW HITPOINT WARNING * * *
The eight-headed hydra closely misses you.
The eight-headed hydra misses you. The eight-headed hydra bites you!
* * * LOW HITPOINT WARNING * * *
The eight-headed hydra bites you.
* * * LOW HITPOINT WARNING * * *
The eight-headed hydra bites you but does no damage.
The eight-headed hydra bites you!
You die...

#.#..#....#...
#.........#..
.....#......
#....#.....
##.P..#.... P.#
#..P..#... ....
#.....D..# .....
##D#.....# ..[..
#.@#..P..# ###.....
##.#.....###.#.....
##.................
#..#...............
##...............P#
#P....######.......
##...## #...P...
#....# #.......
##...## ####...P...


You could see an eight-headed hydra (burning).

Vanquished Creatures
  Gastronok (D:9)
  An unseen horror (D:10)
  Maurice (D:10)
  Grinder (D:4)
  6 hippogriffs
  A spriggan (D:7)
  3 yaks (D:10)
  A porcupine (Lair:1)
  An ice beast (D:9)
  4 orc warriors
  3 phantoms
  4 sky beasts
  7 ogres
  3 wolves (Lair:1)
  A black bear (D:7)
  5 centaurs
  A crocodile (Lair:2)
  3 big kobolds
  5 bullfrogs
  5 scorpions
  A howler monkey (D:5)
  3 crimson imps
  A bullfrog zombie (D:5)
  A quasit (D:10)
  2 jellies
  A bullfrog skeleton (D:6)
  Crazy Yiuf (D:3)
  4 hounds
  10 orc priests
  2 iguanas
  8 orc wizards
  3 worker ants
  A killer bee zombie (D:6)
  A hound zombie (D:8)
  2 hound skeletons
  A worker ant zombie (D:6)
  10 adders
  A gnoll (D:1)
  A shadow imp (D:7)
  An adder skeleton (D:8)
  3 worms
  2 dart slugs
  5 leopard geckos
  48 orcs
  A ball python (D:3)
  2 giant cockroaches
  9 goblins
  6 hobgoblins
  9 jackals
  16 kobolds
  3 quokkas
  10 bats
  10 frilled lizards
  2 quokka skeletons
  6 rats
  A spectral orc (D:4)
245 creatures vanquished.

Vanquished Creatures (others)
  An orc (D:4)
  2 fungi (Lair:2)
3 creatures vanquished.

Grand Total: 248 creatures vanquished

Notes
Turn   | Place    | Note
-------+----------+-------------------------------------------
     0 | D:1      | Spazmo the Deep Elf Fire Elementalist began the quest for
                  | the Orb.
     0 | D:1      | Reached XP level 1. HP: 10/10 MP: 6/6
   116 | D:1      | Reached XP level 2. HP: 15/15 MP: 4/8
   120 | D:1      | Learned a level 2 spell: Throw Flame
   470 | D:1      | Reached XP level 3. HP: 11/19 MP: 2/9
   475 | D:1      | Learned a level 3 spell: Conjure Flame
  1213 | D:2      | Reached XP level 4. HP: 24/24 MP: 4/11
  1310 | D:3      | Found a bloodstained altar of Trog.
  1313 | D:3      | Found a large runed translucent door.
  1315 | D:3      | Found a large runed translucent door.
  1333 | D:3      | Reached skill level 4 in Spellcasting
  1346 | D:3      | Learned a level 4 spell: Sticky Flame
  1442 | D:3      | Found a runed translucent door.
  1443 | D:3      | Noticed Crazy Yiuf
  1506 | D:3      | Killed Crazy Yiuf
  1557 | D:3      | Reached XP level 5. HP: 27/28 MP: 10/13
  1821 | D:3      | Reached skill level 5 in Spellcasting
  1991 | D:3      | Reached XP level 6. HP: 26/32 MP: 13/15
  1998 | D:3      | Learned a level 5 spell: Fireball
  2205 | D:3      | Noticed Mango's ghost (amateur FoFi)
  2303 | D:4      | Found a radiant altar of Vehumet.
  2312 | D:4      | Became a worshipper of Vehumet
  2321 | D:4      | Upgraded the game from 0.24-a0-434-gd57e52f to
                  | 0.24-a0-439-g6dd8730
  2369 | D:4      | Reached skill level 5 in Fire Magic
  2629 | D:4      | Found Uhihuapp's Mass Market.
  2701 | D:4      | Reached skill level 6 in Spellcasting
  2701 | D:4      | Reached XP level 7. HP: 36/36 MP: 12/18
  2818 | D:4      | Noticed Grinder
  2830 | D:4      | Paralysed by Grinder for 3 turns
  2836 | D:4      | Paralysed by Grinder for 3 turns
  2839 | D:4      | Killed Grinder
  2839 | D:4      | Reached skill level 5 in Conjurations
  2944 | D:4      | Found Pamenif's Weapon Shop.
  3127 | D:4      | Found a basalt altar of Yredelemnul.
  3423 | D:5      | Entered Level 5 of the Dungeon
  3655 | D:5      | Reached skill level 7 in Spellcasting
  3757 | D:5      | Reached * piety under Vehumet
  3757 | D:5      | Offered knowledge of Magic Dart by Vehumet.
  3907 | D:5      | Reached XP level 8. HP: 19/41 MP: 21/21
  4258 | D:6      | Reached skill level 8 in Spellcasting
  4514 | D:6      | Found Juatwas's Antique Weapon Shoppe.
  4651 | D:6      | Offered knowledge of Throw Frost by Vehumet.
  4895 | D:7      | Found a burning altar of Makhleb.
  5093 | D:7      | Noticed a hippogriff
  5098 | D:7      | Killed a hippogriff
  5098 | D:7      | Reached skill level 9 in Spellcasting
  5181 | D:7      | Reached XP level 9. HP: 45/45 MP: 24/24
  5185 | D:7      | Found a blossoming altar of Fedhas.
  5249 | D:7      | Found a staircase to the Ecumenical Temple.
  5403 | D:7      | Reached ** piety under Vehumet
  5737 | D:8      | Reached skill level 10 in Spellcasting
  5752 | D:8      | Found a white marble altar of Elyvilon.
  6670 | D:9      | Noticed Gastronok
  6698 | D:9      | Killed Gastronok
  6698 | D:9      | Reached skill level 11 in Spellcasting
  6698 | D:9      | Reached skill level 10 in Fire Magic
  6698 | D:9      | Reached XP level 10. HP: 50/50 MP: 27/27
  6785 | D:9      | Offered knowledge of Searing Ray by Vehumet.
  6925 | D:9      | Found an ornate altar of the Wu Jian Council.
  6925 | D:9      | Found an opulent altar of Gozag.
  6926 | D:9      | Found an ancient bone altar of Kikubaaqudgha.
  7014 | D:9      | Reached skill level 10 in Conjurations
  7029 | D:10     | Entered Level 10 of the Dungeon
  7033 | D:10     | Reached skill level 12 in Spellcasting
  7043 | D:10     | Reached *** piety under Vehumet
  7326 | D:10     | Offered knowledge of Ignite Poison by Vehumet.
  7368 | D:10     | Noticed an unseen horror
  7373 | D:10     | Killed an unseen horror
  7480 | D:10     | Noticed Maurice
  7486 | D:10     | Killed Maurice
  7486 | D:10     | Reached XP level 11. HP: 21/54 MP: 27/29
  7597 | D:10     | Found a staircase to the Lair.
  7617 | D:10     | Found a staircase to the Orcish Mines.
  7693 | D:10     | Found a roughly hewn altar of Beogh.
  7860 | Lair:1   | Entered Level 1 of the Lair of Beasts
  7863 | Lair:1   | Reached skill level 1 in Fighting
  8039 | Lair:1   | Learned a level 2 spell: Blink
  8053 | Lair:1   | Got a pair of brightly glowing gloves
  8054 | Lair:1   | Identified the cursed +0 pair of gloves of the King of the
                  | Hill {-Tele rElec rPois Str+7} (You found it on level 1 of
                  | the Lair of Beasts)
  8214 | Lair:1   | Reached skill level 1 in Translocations
  8786 | Lair:2   | Noticed an eight-headed hydra
  8917 | Lair:2   | Mangled by an eight-headed hydra

Levels and vault maps discovered:
D:1:      saegor_arrival_simple_e, layout_rooms
D:2:      layout_basic, st_stairs_4, minmay_fountain_box,
          minmay_misc_feat_enclosed, minmay_fractal_squares_gapless_5
D:3:      layout_rooms, bloody_trog, ebering_ghost_disaster_area,
          uniq_crazy_yiuf_cottage
D:4:      layout_layer_cave, fiery_altar_vehumet,
          yredelemnul_forgotten_temple_becter, serial_shops,
          kennysheep_mini_moat, minmay_shop_mass, uniq_grinder
D:5:      layout_basic, first_ration, due_unseen_surprise
D:6:      layout_cave_pools, serial_shops, shop, minmay_misc_feat_square,
          nrook_uturn
D:7:      layout_basic, kennysheep_little_box, fedhas_altar_3,
          minmay_temple_entry_from_below_a, the_bakery
D:8:      layout_loops_ring, elyvilon_altar_4
D:9:      layout_roguey, gammafunk_temple_overflow_forgotten, uniq_gastronok
D:10:     layout_big_octagon, lair_entry_dummy, minmay_orc_entry_temple_small,
          uniq_maurice
Lair:1:   layout_gridlike, grunt_forest_small_clearings
Lair:2:   layout_chaotic_city, dummy_spider_entry, kennysheep_rathole

Skill      XL: |  1  2  3  4  5  6  7  8  9 10 11 |
---------------+----------------------------------+-----
Stealth        | 3 |  3.0
Conjurations   | 2 3 4 5 7 9 11 | 11.1
Dodging        | 3 4 |  4.3
Spellcasting   | 4 5 6 7 9 11 12 | 12.0
Fire Magic     | 4 5 6 8 10 11 | 11.2
Fighting       | 1 |  1.9
Translocations | 1 |  1.7

Action                   |  1- 3 |  4- 6 |  7- 9 | 10-12 || total
-------------------------+-------+-------+-------+-------++-------
Melee: Unarmed           |     1 |       |       |       ||     1
       Short sword       |     4 |       |       |       ||     4
       Quarterstaff      |       |     8 |       |       ||     8
       Staff             |       |       |     1 |     1 ||     2
Throw: Stone             |     4 |     7 |     1 |     2 ||    14
 Cast: Flame Tongue      |    83 |    74 |   175 |   119 ||   451
       Throw Flame       |       |     8 |    34 |    24 ||    66
       Sticky Flame      |       |     3 |    21 |    16 ||    40
       Fireball          |       |       |     6 |    14 ||    20
       Conjure Flame     |       |       |       |     1 ||     1
Evoke: Wand              |       |     2 |    10 |     5 ||    17
  Use: Scroll            |     4 |     3 |     8 |     3 ||    18
       Potion            |     1 |     2 |     4 |       ||     7
  Eat: Chunk             |     1 |     5 |     8 |     7 ||    21
       Ration            |       |       |     2 |       ||     2
Armor: Robe              |     8 |     8 |    13 |    11 ||    40
Dodge: Dodged            |    21 |    22 |    54 |    61 ||   158

Table legend:
 A = Non-vault XP
 B = Vault XP
 C = Vault XP percentage of total XP
 D = Non-vault monster count
 E = Vault monster count
 F = Vault count percentage of total count
                 A         B        C        D         E       F
            +---------+---------+-------+---------+---------+-------
      Total |    9278 |    3587 |  27.9 |     225 |      20 |   8.2
            +---------+---------+-------+---------+---------+-------
        D:1 |      68 |       0 |   0.0 |      31 |       0 |   0.0
        D:2 |      24 |      12 |  33.3 |      15 |       5 |  25.0
        D:3 |     254 |      40 |  13.6 |      28 |       1 |   3.4
        D:4 |     382 |     282 |  42.5 |      20 |       2 |   9.1
        D:5 |     499 |       0 |   0.0 |      17 |       0 |   0.0
        D:6 |     925 |       0 |   0.0 |      23 |       0 |   0.0
        D:7 |     481 |     224 |  31.8 |      11 |       1 |   8.3
        D:8 |    1561 |       0 |   0.0 |      17 |       0 |   0.0
        D:9 |    1356 |    2172 |  61.6 |      25 |       1 |   3.8
       D:10 |    2353 |     857 |  26.7 |      28 |      10 |  26.3
     Lair:1 |    1008 |       0 |   0.0 |       8 |       0 |   0.0
     Lair:2 |     367 |       0 |   0.0 |       2 |       0 |   0.0
            +---------+---------+-------+---------+---------+-------
